 Dungeon Crawl Stone Soup version 0.20.0-15-g7f486f2 (webtiles) character file.

239 Glitchraptor the Slasher (level 6, 0/47 HPs)
             Began as a Barachi Skald on June 12, 2017.
             Was an Initiate of Okawaru.
             Slain by PeterMcNeter's ghost (8 damage)
             ... on level 4 of the Dungeon.
             The game lasted 00:11:18 (4586 turns).

Glitchraptor the Slasher (Barachi Skald)            Turns: 4586, Time: 00:11:19

Health: 0/47       AC:  3    Str: 13    XL:     6   Next: 7%
Magic:  1/10       EV: 12    Int: 14    God:    Okawaru [......]
Gold:   141        SH:  0    Dex: 12    Spells: 3/11 levels left

rFire    x . .     SeeInvis .   a - +1 falchion
rCold    + . .     Gourm    .   (no shield)
rNeg     . . .     Faith    .   b - +0 leather armour
rPois    .         Spirit   .   (no helmet)
rElec    .         Reflect  .   (no cloak)
rCorr    +         Harm     .   (no gloves)
MR       .....                  (no boots)
Stlth    +.........             (no amulet)
Regen    0.2/turn               j - ring of resist corrosion
MPRegen  0.2/turn               g - ring of ice

@: slow
A: +LOS, swims, slowness 1, strong legs 1
a: Hop, Renounce Religion


You were on level 4 of the Dungeon.
You worshipped Okawaru.
Okawaru was noncommittal.
You were not hungry.

You visited 1 branch of the dungeon, and saw 4 of its levels.

You collected 141 gold pieces.

Inventory:

Hand Weapons
 a - a +1 falchion (weapon)
Armour
 b - a +0 leather armour (worn)
Jewellery
 g - a ring of ice (right hand)
 j - a ring of resist corrosion (left hand)
Wands
 m - a wand of iceblast (7/15)
Scrolls
 e - a scroll of remove curse
 i - a scroll of amnesia
Potions
 f - a potion of curing
Books
 c - a book of Battle

   Spells                             Type                      Level
   a - Infusion                       Charms                       1
   b - Shroud of Golubria             Charms/Translocation         2
   c - Song of Slaying                Charms                       2
   d - Spectral Weapon                Hexes/Charms                 3
   e - Regeneration                   Charms/Necromancy            3
Comestibles
 d - 2 bread rations
 h - 2 royal jellies
 n - a meat ration


   Skills:
 + Level 3.6 Fighting
 + Level 4.5 Long Blades
 + Level 2.4 Armour
 + Level 2.9 Dodging
 + Level 1.0 Stealth
 + Level 3.0 Spellcasting
 + Level 0.4 Hexes
 + Level 3.9 Charms


You had 3 spell levels left.
You knew the following spells:

 Your Spells              Type           Power        Failure   Level  Hunger
a - Infusion              Chrm           ##..         5%          1    #......
b - Song of Slaying       Chrm           ##......     9%          2    ##.....
c - Spectral Weapon       Hex/Chrm       #.......     32%         3    ###....
d - Shroud of Golubria    Chrm/Tloc      #.........   19%         2    ##.....


Dungeon Overview and Level Annotations

Branches:
Dungeon (4/15)
 Temple: D:4-7

Altars:
Okawaru
Xom

Annotations:
D:4 PeterMcNeter's ghost, novice FoEE


Innate Abilities, Weirdness & Mutations

Shadows flee at your approach. (+LOS)
You can swim through water.
You cover ground slowly.
You can hop short distances.


Message History

You closely miss PeterMcNeter's ghost.
PeterMcNeter's ghost is moderately damaged.
PeterMcNeter's ghost casts a spell at you.
The blast of sand hits you!
* * * LOW HITPOINT WARNING * * *
You feel better. PeterMcNeter's ghost barely misses you.
You slash PeterMcNeter's ghost!
PeterMcNeter's ghost is moderately damaged.
PeterMcNeter's ghost hits you!
* * * LOW HITPOINT WARNING * * *
x2 You barely miss PeterMcNeter's ghost.
PeterMcNeter's ghost is moderately damaged.
PeterMcNeter's ghost gestures at you while chanting.
The stone arrow misses you.
You hit PeterMcNeter's ghost.
PeterMcNeter's ghost is moderately damaged.
You are no longer magically infusing your attacks.
Your song has ended.
PeterMcNeter's ghost hits you!
You die...

### ..# ######
#.# .....# ..#
.....# ###.#
.....# +.#W#
.....## #
###.)@#
......#
#.#.###.#
#####.#
#.#.###.# #
#.# #.......#
# #.#
###.##### #
#.# #.#
#####.# #.#
......# #.#
.#.##.######.#


You could see PeterMcNeter's ghost.

Vanquished Creatures
  A hound (D:4)
  An orc wizard (D:4)
  A worker ant (D:4)
  A howler monkey skeleton (D:4)
  4 adders
  2 oozes
  4 worms (D:3)
  2 dart slugs
  2 leopard geckos
  6 orcs
  2 giant cockroaches (D:1)
  12 goblins
  5 hobgoblins
  6 jackals (D:2)
  5 kobolds
  A quokka (D:2)
  3 ball pythons
  13 bats
  2 frilled lizards (D:1)
  7 rats
80 creatures vanquished.

Notes
Turn   | Place    | Note
-------+----------+-------------------------------------------
     0 | D:1      | Glitchraptor the Barachi Skald began the quest for the Orb.
     0 | D:1      | Reached XP level 1. HP: 17/17 MP: 3/3
   238 | D:1      | Reached XP level 2. HP: 21/23 MP: 5/5
   531 | D:1      | Learned a level 2 spell: Song of Slaying
  1125 | D:1      | Reached XP level 3. HP: 28/28 MP: 6/6
  1134 | D:1      | Learned a level 3 spell: Spectral Weapon
  1950 | D:2      | Reached skill level 3 in Long Blades
  2171 | D:2      | Reached XP level 4. HP: 6/34 MP: 1/7
  2904 | D:2      | Learned a level 2 spell: Shroud of Golubria
  3446 | D:3      | Found a shimmering altar of Xom.
  3468 | D:3      | Reached XP level 5. HP: 14/41 MP: 0/9
  3936 | D:3      | Found an iron altar of Okawaru.
  4000 | D:3      | Became a worshipper of Warmaster Okawaru
  4078 | D:4      | Reached skill level 4 in Long Blades
  4334 | D:4      | Reached skill level 1 in Stealth
  4572 | D:4      | Noticed PeterMcNeter's ghost (novice FoEE)
  4573 | D:4      | Reached XP level 6. HP: 37/47 MP: 3/10
  4586 | D:4      | Slain by PeterMcNeter's ghost

Skill      XL: |  1  2  3  4  5 |
---------------+----------------+-----
Long Blades    | 3 4 |  4.5
Fighting       | 3 |  3.6
Armour         | 2 |  2.4
Spellcasting   | 3 |  3.0
Stealth        | 1 |  1.0
Dodging        | |  2.9
Hexes          | |  0.4
Charms         | |  3.9

Action                   |  1- 3 |  4- 6 || total
-------------------------+-------+-------++-------
Melee: Falchion          |   156 |   137 ||   293
 Cast: Song of Slaying   |     5 |     2 ||     7
       Infusion          |     4 |     6 ||    10
       Spectral Weapon   |     1 |     1 ||     2
       Shroud of Golubri |       |     2 ||     2
 Abil: Hop               |     4 |     1 ||     5
  Use: Scroll            |     5 |     3 ||     8
       Potion            |       |     3 ||     3
 Stab: Sleeping          |     1 |     1 ||     2
  Eat: Meat ration       |     1 |       ||     1
       Chunk             |       |     4 ||     4
       Bread ration      |       |     1 ||     1
       Royal jelly       |       |     1 ||     1
Armor: Leather armour    |    67 |    23 ||    90
Dodge: Dodged            |   167 |    90 ||   257
       Rpst.: Falchion   |    52 |    27 ||    79
